 Dungeon Crawl Stone Soup version 0.30.0-10-gfe55d96785 (webtiles) character file.

Game seed: 1044098690969017787

378 qw the Chopper (level 6, -3/38 HPs)
             Began as a Gargoyle Cinder Acolyte on May 17, 2023.
             Was an Elder of Ignis.
             Slain by an iguana (8 damage)
             ... on level 5 of the Dungeon.
             The game lasted 00:02:06 (4305 turns).

qw the Chopper (Gargoyle Cinder Acolyte)            Turns: 4305, Time: 00:02:06

Health: -3/38      AC: 21    Str: 17    XL:     6   Next: 74%
Magic:  7/7        EV:  7    Int: 13    God:    Ignis [****..]
Gold:   663        SH:  0    Dex:  9    Spells: 7/7 levels left

rFire   + + .        o - +0 hand axe
rCold   . . .        (no shield)
rNeg    + . .        j - +0 chain mail
rPois   inf          (helmet restricted)
rElec   +            (no cloak)
rCorr   .            d - +0 pair of gloves
SInv    .            (no boots)
Will    .....        (no amulet) Stlth
                     a - ring of protection from fire
HPRegen 0.26/turn    (no ring)
MPRegen 0.10/turn

%: no passive effects
@: about to teleport, fiery-armoured
A: sickness immunity, AC +4, negative energy resistance 1, electricity
resistance, torment resistance 1, petrification resistance, antennae 1, agile 1,
mutation resistance 1, weak 1
a: Renounce Religion, Fiery Armour, Foxfire Swarm, Rising Flame


You were on level 5 of the Dungeon.
You worshipped Ignis.
Ignis was greatly pleased with you.
You visited 1 branch of the dungeon, and saw 5 of its levels.
You also visited: Sewer.

You collected 663 gold pieces.


Innate Abilities, Weirdness & Mutations

You are immune to sickness and miasma.
Your stone body is resilient. (AC +4)
You are immune to poison.
You resist negative energy. (rN+)
You are resistant to electric shocks. (rElec)
You are resistant to unholy torment.
You are immune to petrification.
You have a pair of small antennae on your head.
You are agile. (Dex +4, Str/Int -1)
You are somewhat resistant to further mutation.
You are weak. (Str -2)


   Skills:
 - Level 4.2 Fighting
 + Level 5.9 Axes
 - Level 2.1 Armour
 - Level 1.0 Spellcasting
 - Level 3.0 Fire Magic


You had 7 spell levels left.
You didn't know any spells.
Your spell library contained the following spells:

 Spells                   Type           Power      Damage    Failure   Level
 Scorch                   Fire           16%        2d6       80%         2

Inventory:

Hand Weapons
 n - a +0 mace
 o - a +0 hand axe (weapon)
Armour
 d - a +0 pair of gloves (worn)
 j - a +0 chain mail (worn)
Jewellery
 a - a ring of protection from fire (left hand)
Scrolls
 g - 2 scrolls of identify
 h - 2 scrolls of teleportation
Potions
 b - a potion of mutation
 c - a potion of resistance {unknown}
 e - a potion of flight {unknown}
 f - a potion of curing {unknown}
 i - a potion of invisibility {unknown}
 k - a potion of might
 l - a potion of cancellation {unknown}
 m - a potion of heal wounds {unknown}

Dungeon Overview and Level Annotations

Branches:
Dungeon (5/15)              Sewer (visited)
 Temple: D:4-7

Altars:


Message History

The iguana bites you.
You closely miss the iguana.
The iguana bites you but does no damage.
You hit the iguana but do no damage. The iguana barely misses you.
You barely miss the iguana. The iguana bites you.
You barely miss the iguana. The iguana bites you.
You barely miss the iguana. The iguana bites you.
You hit the iguana but do no damage. The iguana bites you!
4299 ||| INVOKING Fiery Armour.
A protective cloak of flame settles atop you.
The iguana bites you.
The iguana is burned by your cloak of flames.
The iguana is lightly wounded.
You hit the iguana.
The iguana is lightly wounded.
The iguana barely misses you.
You closely miss the iguana.
The iguana is lightly wounded.
The iguana barely misses you.
You hit the iguana.
The iguana is lightly wounded.
The iguana bites you.
4303 ||| READING 3 scrolls of teleportation.
As you read the scroll of teleportation, it crumbles to dust.
You feel strangely unstable. The iguana closely misses you.
You hit the iguana.
The iguana is moderately wounded.
The iguana bites you but does no damage.
The iguana is burned by your cloak of flames.
The iguana is severely wounded.
You closely miss the iguana.
The iguana is severely wounded.
The iguana bites you!
You die...

##.....# #..#
#.###'### ....... ..
..... #.. #...# ...
.......#...#...#
...################..#
........#...###......#
#.....#.....#......#
+.....#.....#......#
#.....#.....#......#
#....@......#......#
#..##l'##...#......#
#. ....###'#......# #
¤.¤...##>..######
..~.~~..#...#
#.¤¤}.~..#...#
#..~.}...#...#
#..~~.~..#...# #...#


You could see an iguana.

Vanquished Creatures
  A scorpion (D:4)
  2 jellies
  2 sleepcaps
  7 adders
  A river rat (Sewer)
  A dart slug (D:1)
  3 orcs
  8 ball pythons
  5 bats
  11 endoplasms
  6 giant cockroaches
  6 goblins
  7 hobgoblins
  8 jackals
  4 quokkas
  7 frilled lizards
  2 kobolds (D:4)
  12 rats
93 creatures vanquished.

Vanquished Creatures (others)
  An endoplasm zombie (Sewer)
1 creature vanquished.

Grand Total: 94 creatures vanquished

Notes
Turn   | Place    | Note
-------+----------+-------------------------------------------
     0 | D:1      | qw the Gargoyle Cinder Acolyte began the quest for the Orb.
     0 | D:1      | Reached XP level 1. HP: 14/14 MP: 2/2
     0 | D:1      | 0 ||| qw: Version: 0.2-a-95-g4c1bab1
     0 | D:1      | 0 ||| qw: Game counter: 112
     0 | D:1      | 0 ||| qw: Always use a shield: true
     0 | D:1      | 0 ||| qw: God list: Okawaru
     0 | D:1      | 0 ||| qw: Allow faded altars: false
     0 | D:1      | 0 ||| qw: Do Orc after D:15 true
     0 | D:1      | 0 ||| qw: Do second Lair branch before Depths: true
     0 | D:1      | 0 ||| qw: Lair rune preference: random
     0 | D:1      | 0 ||| qw: Plans: Normal
     0 | D:1      | 0 ||| PLANNING D:1-11
   103 | D:1      | Reached skill level 3 in Axes
   148 | D:1      | 148 ||| INVOKING Fiery Armour.
   152 | D:1      | Reached XP level 2. HP: 11/19 MP: 3/3
   231 | D:1      | 231 ||| Stepping ~*~*~tactically~*~*~ (stealth).
   271 | D:1      | 271 ||| Stepping ~*~*~tactically~*~*~ (stealth).
   273 | D:1      | 273 ||| Stepping ~*~*~tactically~*~*~ (stealth).
   274 | D:1      | 274 ||| Stepping ~*~*~tactically~*~*~ (stealth).
   275 | D:1      | 275 ||| Stepping ~*~*~tactically~*~*~ (stealth).
   423 | D:1      | Found a faded altar of an unknown god.
   491 | D:1      | Reached XP level 3. HP: 23/23 MP: 4/4
   943 | D:1      | 943 ||| UPGRADING to +0 pair of gloves.
   948 | D:1      | 948 ||| READING scroll labelled IRUDANLYMPU.
   948 | D:1      | Identified a scroll of acquirement
   948 | D:1      | 948 ||| ACQUIRING 488 gold pieces
   948 | D:1      | Acquired 488 gold pieces
   950 | D:1      | 950 ||| READING scroll labelled EPUPAISAET.
   954 | D:1      | 954 ||| READING scroll labelled RODOZOFEMI.
  1327 | D:2      | Reached skill level 4 in Axes
  1755 | D:2      | 1755 ||| UPGRADING to +0 leather armour.
  1765 | D:2      | 1765 ||| DROPPING +0 robe.
  1766 | D:2      | 1766 ||| READING scroll labelled FOWKOE UDGHAMN.
  1767 | D:2      | 1767 ||| READING 2 scrolls of identify.
  1767 | D:2      | 1767 ||| IDENTIFYING green potion
  1768 | D:2      | 1768 ||| DROPPING potion of berserk rage.
  1875 | D:3      | 1875 ||| READING scroll of acquirement.
  1875 | D:3      | 1875 ||| ACQUIRING ring of protection from fire
  1875 | D:3      | Acquired a ring of protection from fire
  1877 | D:3      | 1877 ||| UPGRADING to ring of protection from fire.
  1906 | D:3      | Reached XP level 4. HP: 23/28 MP: 5/5
  2593 | D:4      | 2593 ||| PLANNING SEWER
  2596 | D:4      | 2596 ||| STAIRDANCE
  2616 | D:4      | Identified the +0 robe of Hockir {+Inv rCorr}
  2634 | D:4      | 2634 ||| Stepping ~*~*~tactically~*~*~ (stealth).
  2643 | D:4      | Noticed a scorpion
  2651 | D:4      | 2651 ||| INVOKING Fiery Armour.
  2658 | D:4      | Killed a scorpion
  2659 | D:4      | Reached skill level 5 in Axes
  2659 | D:4      | Reached XP level 5. HP: 18/32 MP: 6/6
  2683 | D:4      | 2683 ||| Stepping ~*~*~tactically~*~*~ (stealth).
  2690 | D:4      | 2690 ||| Stepping ~*~*~tactically~*~*~ (stealth).
  2726 | D:4      | 2726 ||| Stepping ~*~*~tactically~*~*~ (stealth).
  2737 | D:4      | 2737 ||| Stepping ~*~*~tactically~*~*~ (hiding).
  2742 | D:4      | 2742 ||| Stepping ~*~*~tactically~*~*~ (hiding).
  2766 | D:4      | 2766 ||| Stepping ~*~*~tactically~*~*~ (stealth).
  2777 | D:4      | 2777 ||| Stepping ~*~*~tactically~*~*~ (stealth).
  2778 | D:4      | 2778 ||| Stepping ~*~*~tactically~*~*~ (stealth).
  2779 | D:4      | 2779 ||| Stepping ~*~*~tactically~*~*~ (stealth).
  2783 | D:4      | Reached skill level 1 in Armour
  2822 | D:4      | 2822 ||| INVOKING Fiery Armour.
  2979 | D:4      | Reached XP level 6. HP: 36/38 MP: 7/7
  3199 | D:4      | 3199 ||| Stepping ~*~*~tactically~*~*~ (stealth).
  3201 | D:4      | 3201 ||| Stepping ~*~*~tactically~*~*~ (stealth).
  3209 | D:4      | Found a glowing drain.
  3228 | D:4      | 3228 ||| DROPPING +0 robe of Hockir {+Inv rCorr}.
  3229 | D:4      | 3229 ||| UPGRADING to +0 chain mail.
  3239 | D:4      | 3239 ||| DROPPING +0 leather armour.
  3240 | D:4      | 3240 ||| READING 2 scrolls labelled LESOB NYCAV.
  3241 | D:4      | 3241 ||| READING 2 scrolls of identify.
  3241 | D:4      | 3241 ||| IDENTIFYING murky emerald potion
  3242 | D:4      | 3242 ||| DROPPING potion of attraction.
  3243 | D:4      | 3243 ||| DROPPING scroll of amnesia.
  3250 | D:4      | 3250 ||| READING scroll labelled ZUABAUPEAPP.
  3252 | Sewer    | Entered a sewer
  3330 | Sewer    | 3330 ||| Stepping ~*~*~tactically~*~*~ (stealth).
  3339 | Sewer    | 3339 ||| Stepping ~*~*~tactically~*~*~ (stealth).
  3340 | Sewer    | 3340 ||| Stepping ~*~*~tactically~*~*~ (stealth).
  3458 | Sewer    | 3458 ||| INVOKING Fiery Armour.
  3564 | Sewer    | Found a viscous altar of Jiyva.
  3569 | Sewer    | 3569 ||| Stepping ~*~*~tactically~*~*~ (water).
  3693 | Sewer    | 3693 ||| DRINKING 2 fuming brown potions.
  3693 | Sewer    | Gained mutation: You have a pair of small antennae on your
                  | head. [potion of mutation]
  3693 | Sewer    | Gained mutation: You are weak. (Str -2) [potion of
                  | mutation]
  3693 | Sewer    | Gained mutation: You are agile. (Dex +4, Str/Int -1)
                  | [potion of mutation]
  3693 | Sewer    | Gained mutation: You are somewhat resistant to further
                  | mutation. [potion of mutation]
  3694 | Sewer    | 3694 ||| DRINKING 2 fuming yellow potions.
  3695 | Sewer    | 3695 ||| DRINKING 2 black potions.
  3696 | Sewer    | 3696 ||| DROPPING potion of magic.
  3717 | D:4      | 3717 ||| PLANNING D:1-11
  3803 | D:4      | 3803 ||| SWAPPING to +0 hand axe.
  3804 | D:4      | 3804 ||| DROPPING -1 hand axe of chaos.
  4119 | D:5      | Entered Level 5 of the Dungeon
  4299 | D:5      | 4299 ||| INVOKING Fiery Armour.
  4302 | D:5      | HP: 5/38 [iguana (6)]
  4303 | D:5      | 4303 ||| READING 3 scrolls of teleportation.
  4305 | D:5      | Slain by an iguana

Levels and vault maps discovered:
D:1:      onia_arrival_handbag, layout_loops_corners, basic_ecumenical_altar,
          minmay_splitting_lines
D:2:      layout_basic
D:3:      layout_basic, minmay_door_square
D:4:      layout_basic, portal_sewer_entry_b
D:5:      minmay_chambers_of_fours, layout_gridville, kennysheep_generic_room_3,
          uniq_grinder

Skill      XL: |  1  2  3  4  5  6 |
---------------+-------------------+-----
Axes           | 3 4 5 |  5.9
Armour         | 1 2 |  2.1
Fighting       | 4 |  4.2
Spellcasting   | |  1.0
Fire Magic     | |  3.0

Action                     |  1- 3 |  4- 6 || total
---------------------------+-------+-------++-------
  Melee: Hand axe          |   118 |   230 ||   348
         Punch             |       |     2 ||     2
 Invoke: Fiery Armour      |     1 |     4 ||     5
    Use: Scroll            |     6 |     4 ||    10
         Potion            |       |     3 ||     3
 Armour: Robe              |    46 |       ||    46
         Leather armour    |     6 |    53 ||    59
         Chain mail        |       |    53 ||    53
  Dodge: Dodged            |    56 |   108 ||   164

Table legend:
 A = Non-vault XP
 B = Vault XP
 C = Vault XP percentage of total XP
 D = Non-vault monster count
 E = Vault monster count
 F = Vault count percentage of total count
                 A         B        C        D         E       F
            +---------+---------+-------+---------+---------+-------
      Total |     353 |     187 |  34.6 |      65 |      29 |  30.9
            +---------+---------+-------+---------+---------+-------
        D:1 |      42 |       4 |   8.7 |      23 |       4 |  14.8
        D:2 |       7 |       0 |   0.0 |       5 |       0 |   0.0
        D:3 |      73 |       0 |   0.0 |      15 |       0 |   0.0
        D:4 |     228 |      29 |  11.3 |      21 |       4 |  16.0
        D:5 |       3 |       0 |   0.0 |       1 |       0 |   0.0
      Sewer |       0 |     154 | 100.0 |       0 |      21 | 100.0
            +---------+---------+-------+---------+---------+-------
